 Dungeon Crawl Stone Soup version 0.29-a0-1043-g569b05d6ff (webtiles) character file.

Game seed: 11596332918903877894

1818 drugrobin the Cleaver (level 8, -4/67 HPs)
             Began as a Demigod Gladiator on Aug 15, 2022.
             Slain by a vampire (9 damage)
             ... on level 6 of the Dungeon.
             The game lasted 00:16:18 (6334 turns).

drugrobin the Cleaver (Demigod Gladiator)           Turns: 6334, Time: 00:16:18

Health: -4/67      AC: 13    Str: 23    XL:     8   Next: 55%
Magic:  10/10      EV:  6    Int: 10    God:
Gold:   201        SH:  3    Dex: 15    Spells: 7/7 levels left

rFire   . . .      SeeInvis .   a - +0 war axe
rCold   . . .      Faith    .   H - +0 buckler
rNeg    . . .      Spirit   .   t - +0 plate armour
rPois   .          Reflect  .   c - +0 helmet
rElec   .          Harm     .   y - scarf {+Inv}
rCorr   .          Rampage  .   x - +0 pair of gloves
Will    .....                   p - +0 pair of boots
Stlth   ..........              s - amulet of the acrobat
HPRegen 0.21/turn               (no ring)
MPRegen 0.12/turn               (no ring)

@: mighty, about to teleport, on berserk cooldown, slowed, studying
Spellcasting, very slow
A: high MP 1, forlorn, divine attributes, MP-powered wands
a: Evoke Invisibility


You were on level 6 of the Dungeon.
You visited 1 branch of the dungeon, and saw 7 of its levels.

You collected 323 gold pieces.
You spent 122 gold pieces at shops.

Inventory:

Hand Weapons
 a - a +0 war axe (weapon)
Missiles
 d - a throwing net
 g - 3 boomerangs (quivered)
 J - 4 poisoned darts
Armour
 b - a +0 leather armour
 c - a +0 helmet (worn)
 h - a +0 chain mail
 p - a +0 pair of boots (worn)
 t - a +0 plate armour (worn)
 v - a +1 leather armour of poison resistance
 x - a +0 pair of gloves (worn)
 y - a scarf of invisibility (worn)
 H - a +0 buckler (worn)
Jewellery
 s - an amulet of the acrobat (around neck)
Wands
 B - a wand of charming (14)
 I - a wand of mindburst (3)
Scrolls
 i - a scroll of blinking
 j - 4 scrolls of enchant armour {unknown}
 k - 2 scrolls of vulnerability {unknown}
 l - a scroll of enchant weapon
 m - 4 scrolls of amnesia {unknown}
 n - 2 scrolls of teleportation
 o - a scroll of immolation
 r - a scroll of poison
 w - a scroll of butterflies
 D - a scroll of fear
Potions
 q - 2 potions of mutation
 u - 2 potions of degeneration
 C - a potion of attraction
 E - a potion of lignification
 F - a potion of curing


   Skills:
 + Level 4.7 Fighting
 + Level 9.2 Axes
 - Level 1.7 Throwing
 - Level 2.6 Dodging
 + Level 3.6 Evocations


You had 7 spell levels left.
You didn't know any spells.
Your spell library contained the following spells:

 Spells                   Type           Power      Damage    Failure   Level
 Necrotise                Necr           0%         1d4       100%        1
 Frozen Ramparts          Ice            0%         1d1       100%        3
 Portal Projectile        Hex/Tloc       0%         N/A       100%        3
 Tukima's Dance           Hex            0%         N/A       100%        3
 Vampiric Draining        Necr           0%         2d6       100%        3
 Ice Form                 Ice/Tmut       0%         N/A       100%        4
 Summon Ice Beast         Ice/Summ       0%         N/A       100%        4
 Agony                    Necr           0%         N/A       100%        5
 Blade Hands              Tmut           0%         N/A       100%        5


Dungeon Overview and Level Annotations

Branches:
Dungeon (7/15)             Temple (0/1) D:4

Shops:
D:4 ?*?   D:5 (


Innate Abilities, Weirdness & Mutations

You have an increased reservoir of magic. (+10% MP)
You shall have no god before yourself.
Your divine heritage dramatically boosts your attributes as you level up.
You expend magic power (3 MP) to strengthen your wands.


Message History

a +0 robe; a +0 dagger Unknown command.
Unknown command.
Unknown command.
The hornet completely misses you.
You climb upwards.
The vampire hits you but does no damage.
You block the vampire's attack.
There is a stone staircase leading down here.
Unknown command.
Unknown command.
Unknown command.
Okay, then.
Unknown command.
Unknown command.
a - a +0 war axe (weapon)
The vampire hits you but does no damage.
The vampire barely misses you.
Unknown command.
Unknown command.
Unknown command.
You hit the vampire but do no damage. The vampire hits you.
* * * LOW HITPOINT WARNING * * *
The vampire closely misses you.
The vampire mumbles some strange words.
The vampire flickers and vanishes!
Deactivating autopickup; reactivate with Ctrl-A.
Unknown command.
Unknown command.
As you read the scroll of teleportation, it crumbles to dust.
You feel strangely unstable. Something hits you but does no damage.
Something bites you!
* * * LOW HITPOINT WARNING * * *
Something draws strength from your injuries!
Unknown command.
Unknown command.
You feel better. Something hits you!
* * * LOW HITPOINT WARNING * * *
Something bites you!
You die...

...............########.#
##......#...### #.#
#......#...# #.#
#......##..## #.#
#...........# #.#
#.......[...# #.#
#........)..# #.#
#......###'## #.#
.....##...){@# #.# #####
#.###### #.# ######.#####
#.# ............##### #.#
..#####.........# #.#
#####.###.# #.# #..# #.#
#.#######.# #..## #.#
#.##......#
#.......####.###.##.####.#


There were no monsters in sight!

Vanquished Creatures
  A wraith (D:5)
  2 sky beasts (D:6)
  An ice beast (D:4)
  A black bear (D:4)
  2 ogres
  A centaur (D:5)
  2 phantoms
  A kobold brigand (D:7)
  A necrophage (D:6)
  A howler monkey (D:7)
  A jelly (D:4)
  An orc priest (D:7)
  A hound (D:5)
  A gnoll bouda (D:5)
  Jessica (D:3)
  4 orc wizards
  2 iguanas
  9 adders
  15 gnolls
  A shadow imp (D:5)
  3 white imps (D:7)
  An ufetubus (D:6)
  2 worms (D:2)
  4 dart slugs
  14 orcs
  8 ball pythons
  6 endoplasms
  4 giant cockroaches
  7 goblins
  11 hobgoblins
  7 jackals
  10 kobolds
  3 quokkas
  7 bats
  A frilled lizard (D:1)
  5 rats
142 creatures vanquished.

Vanquished Creatures (collateral kills)
  Ijyb (D:4)
  A goblin (D:4)
  2 kobolds (D:7)
4 creatures vanquished.

Vanquished Creatures (others)
  Prince Ribbit (D:7)
  3 demonic plants (D:7)
4 creatures vanquished.

Grand Total: 150 creatures vanquished

Notes
Turn   | Place    | Note
-------+----------+-------------------------------------------
     0 | D:1      | drugrobin the Demigod Gladiator began the quest for the
                  | Orb.
     0 | D:1      | Reached XP level 1. HP: 17/17 MP: 3/3
    46 | D:1      | Reached skill level 3 in Axes
   528 | D:1      | Reached XP level 2. HP: 24/24 MP: 4/4
  1165 | D:1      | Reached XP level 3. HP: 28/29 MP: 5/5
  1275 | D:2      | Reached skill level 4 in Axes
  1980 | D:2      | Reached XP level 4. HP: 34/36 MP: 6/6
  2376 | D:3      | Noticed Jessica
  2383 | D:3      | Killed Jessica
  2384 | D:3      | Reached skill level 5 in Axes
  2594 | D:3      | Reached XP level 5. HP: 41/41 MP: 7/7
  2918 | D:4      | Found Jibyhus's Magic Scroll Boutique.
  2923 | D:4      | Bought a scroll of noise for 10 gold pieces
  2923 | D:4      | Bought a scroll of teleportation for 30 gold pieces
  2923 | D:4      | Bought a scroll of teleportation for 30 gold pieces
  2929 | D:4      | Noticed an ogre
  3007 | D:4      | Killed an ogre
  3008 | D:4      | Reached skill level 6 in Axes
  3043 | D:4      | Reached XP level 6. HP: 16/48 MP: 8/8
  3251 | D:4      | Found Jopujie's Magic Scroll Shop.
  3259 | D:4      | Bought a scroll of fear for 52 gold pieces
  3378 | D:4      | Found a staircase to the Ecumenical Temple.
  3385 | D:4      | Found Giuxon's Assorted Antiques.
  3388 | D:4      | You fall into a shaft and drop 3 floors!
  3418 | D:6      | Reached skill level 7 in Axes
  3510 | D:6      | Reached XP level 7. HP: 21/53 MP: 9/9
  3773 | D:6      | Reached skill level 8 in Axes
  3822 | D:5      | Entered Level 5 of the Dungeon
  4013 | D:4      | Noticed Ijyb
  4032 | D:4      | Killed Ijyb
  4677 | D:5      | Reached skill level 1 in Evocations
  4807 | D:5      | Found Ocilooq's Weapon Shoppe.
  5124 | D:5      | Noticed a wraith
  5215 | D:5      | Killed a wraith
  5216 | D:5      | Reached XP level 8. HP: 56/66 MP: 10/10
  6256 | D:7      | Noticed Prince Ribbit
  6286 | D:7      | Your ally Prince Ribbit died
  6287 | D:7      | Reached skill level 9 in Axes
  6293 | D:7      | Gained mutation: You expend magic power (3 MP) to
                  | strengthen your wands. [potion of mutation]
  6326 | D:7      | Noticed a hornet
  6333 | D:6      | HP: 3/67 [something (9)]
  6334 | D:6      | Slain by a vampire

Illustrated notes

Levels and vault maps discovered:
D:1:      dpeg_arrival_fog, layout_basic, hangedman_decor_push
D:2:      layout_basic, minmay_close_crescents
D:3:      layout_rooms, uniq_jessica
D:4:      layout_basic, minmay_temple_entry_junction, serial_shops, shop,
          nicolae_shop_hallway_plus, shop, uniq_ijyb
D:5:      layout_cave_pools, serial_shops, shop, kennysheep_small_spiral,
          minmay_manual_monstrance
D:6:      layout_basic
D:7:      cheibrodos_two_vegetables, layout_loops_ring, lemuel_tele_altar,
          kennysheep_little_box, fedhas_bush_and_centaur_altar, serial_demonic,
          serial_demonic_b, serial_demonic_g, serial_demonic_f,
          serial_demonic_a, serial_demonic_c, serial_demonic_d,
          minmay_joined_circles, uniq_prince_ribbit1

Skill      XL: |  1  2  3  4  5  6  7  8 |
---------------+-------------------------+-----
Axes           | 3 4 5 6 7 8 9 |  9.2
Fighting       | 3 4 |  4.7
Evocations     | 2 3 |  3.6
Throwing       | |  1.7
Dodging        | |  2.6

Action                   |  1- 3 |  4- 6 |  7- 9 || total
-------------------------+-------+-------+-------++-------
Melee: War axe           |   144 |   139 |   194 ||   477
       Punch             |     3 |     2 |     3 ||     8
       Unarmed           |       |       |    25 ||    25
Throw: Javelin           |       |     3 |     1 ||     4
       Boomerang         |       |    26 |    13 ||    39
       Throwing net      |       |     2 |       ||     2
Evoke: Wand              |       |       |     2 ||     2
  Use: Potion            |       |     4 |     8 ||    12
       Scroll            |       |     5 |     3 ||     8
 Stab: Held in net/web   |       |     3 |       ||     3
Armor: Leather armour    |    12 |       |       ||    12
       Chain mail        |    78 |       |       ||    78
       Plate armour      |    12 |   102 |   158 ||   272
       Skin              |       |       |    23 ||    23
Dodge: Dodged            |    74 |    47 |    98 ||   219
Block: Buckler           |       |       |    11 ||    11

Table legend: (Time is in decaauts)
 A = Elapsed time spent in this place.
 B = Non-inter-level travel time spent in this place.
 C = Inter-level travel time spent in this place.
 D = Time resting spent in this place.
 E = Time spent auto-exploring this place.
 F = Levels seen in this place.
 G = Mean time per level.
                   A        B        C        D        E       F      G
               +--------+--------+--------+--------+--------+-----+--------+
         Total |   6454 |   6320 |    134 |    857 |   3769 |   7 |  922.0 |
       Dungeon |   6454 |   6320 |    134 |    857 |   3769 |   7 |  922.0 |
               +--------+--------+--------+--------+--------+-----+--------+

Top non-repeatable levels by time:
     D:4: 1370 daAuts
     D:1: 1288 daAuts
     D:2: 1134 daAuts
     D:5: 988 daAuts
     D:6: 900 daAuts
     D:3: 551 daAuts
     D:7: 220 daAuts
